 Dungeon Crawl Stone Soup version 0.19.0-16-g73b5abf (webtiles) character file.

87 KarmaPolice the Shooter (level 4, -2/30 HPs)
             Began as a Halfling Hunter on Nov 10, 2016.
             Slain by an orc wizard
             ... wielding a +2 dagger of speed
              (3 damage)
             ... on level 3 of the Dungeon.
             The game lasted 00:03:16 (2351 turns).

KarmaPolice the Shooter (Halfling Hunter)           Turns: 2351, Time: 00:03:17

Health: -2/30      AC:  3    Str: 13    XL:     4   Next: 80%
Magic:  4/4        EV: 14    Int:  9    God:
Gold:   106        SH:  0    Dex: 15    Spells: 0 memorised, 3 levels left

rFire  . . .     SeeInvis .     a - +1 shortbow
rCold  . . .     Gourm    .     c - +0 leather armour
rNeg   . . .     Faith    .     (shield currently unavailable)
rPois  .         Spirit   .     (no helmet)
rElec  .         Reflect  .     (no cloak)
rCorr  .         Harm     .     (no gloves)
MR     .....                    (no boots)
Stlth  ++........               (no amulet)
                                (no ring)
                                (no ring)

@: no status effects
A: mutation resistance 1
a: no special abilities


You were on level 3 of the Dungeon.
You were not hungry.

You visited 1 branch of the dungeon, and saw 3 of its levels.

You collected 106 gold pieces.

Inventory:

Hand Weapons
 a - a +1 shortbow (weapon)
 b - a +0 short sword
Missiles
 d - 35 arrows (quivered)
Armour
 c - a +0 leather armour (worn)
Jewellery
 v - an uncursed ring of protection from magic {unknown}
Scrolls
 h - 2 scrolls of remove curse {unknown}
 m - a scroll of immolation {unknown}
 n - a scroll of teleportation {unknown}
 p - a scroll of random uselessness {unknown}
 q - a scroll of identify {unknown}
 t - a scroll of enchant armour {unknown}
Potions
 j - a potion of agility {unknown}
 k - a potion of might {unknown}
 l - a potion of brilliance {unknown}
 o - a potion of lignification {unknown}
Comestibles
 f - 3 bread rations
 g - a beef jerky
 r - a slice of pizza
 s - a meat ration


   Skills:
 + Level 2.7 Fighting
 + Level 2.6 Short Blades
 + Level 5.0 Bows
 - Level 2.3 Dodging
 - Level 1.1 Stealth


You had 3 spell levels left.
You didn't know any spells.

Dungeon Overview and Level Annotations

Branches:
Dungeon (3/15)

Altars:

Annotations:
D:3 KarmaPolice's ghost, novice HaHu


Innate Abilities, Weirdness & Mutations

You are small and have problems with some larger weapons.
You are somewhat resistant to further mutation.


Message History

You shoot an arrow.
The arrow closely misses the orc wizard.
The orc wizard barely misses you.
The orc wizard hits you with a dagger of speed.
* * * LOW HITPOINT WARNING * * *
The orc wizard gestures at you while chanting.
The magic dart hits you!
* * * LOW HITPOINT WARNING * * *
It was a potion of haste.
You feel yourself speed up.
The orc wizard hits you with a dagger of speed.
* * * LOW HITPOINT WARNING * * *
The orc wizard barely misses you.
You are very lightly contaminated with residual magic.
It was a potion of cancellation.
Your magical effects are unravelling.
You feel magically purged.
Your magical contamination has completely faded away.
You feel yourself speed up.
You feel yourself slow down.
The orc wizard hits you with a dagger of speed.
You die...

##########
#^@o((.(.(
#.###.....
####.### ###
#))....#
#.##...#
#.##########
###
#..........#
..#
########.###
######.#
#...#
#<...#.#


You could see an orc wizard.

Vanquished Creatures
  An orc priest (D:3)
  2 adders
  An ooze (D:2)
  A worm (D:2)
  3 orcs (D:3)
  3 bats
  2 giant cockroaches
  9 goblins
  A hobgoblin (D:2)
  2 frilled lizards (D:2)
  3 kobolds
  2 rats
30 creatures vanquished.

Notes
Turn   | Place    | Note
-------+----------+-------------------------------------------
     0 | D:1      | KarmaPolice the Halfling Hunter began the quest for the Orb.
     0 | D:1      | Reached XP level 1. HP: 14/14 MP: 1/1
   325 | D:1      | Reached skill level 1 in Short Blades
   325 | D:1      | Reached XP level 2. HP: 19/19 MP: 2/2
  1092 | D:2      | Reached XP level 3. HP: 21/24 MP: 3/3
  1954 | D:3      | Noticed KarmaPolice's ghost (novice HaHu)
  2042 | D:3      | Reached XP level 4. HP: 30/30 MP: 4/4
  2081 | D:3      | Reached skill level 5 in Bows
  2350 | D:3      | HP: 1/30 [orc wizard/dagger of speed (3)]
  2351 | D:3      | Slain by an orc wizard

Skill      XL: |  1  2  3  4 |
---------------+-------------+-----
Short Blades   | 1 2 |  2.6
Fighting       | 2 |  2.7
Bows           | 5 |  5.0
Dodging        | |  2.3
Stealth        | |  1.1

Action                   |  1- 3 |  4- 6 || total
-------------------------+-------+-------++-------
Melee: Short sword       |    62 |       ||    62
 Fire: Shortbow          |    16 |    23 ||    39
  Use: Potion            |       |     2 ||     2
 Stab: Sleeping          |     6 |       ||     6
  Eat: Chunk             |     3 |     1 ||     4
Armor: Leather armour    |    10 |     1 ||    11
Dodge: Dodged            |    37 |    13 ||    50
